 Dungeon Crawl Stone Soup version 0.17-a0-1394-gde347b4 (webtiles) character file.

63 zeke the Firebug (level 3, -5/26 HPs)
             Began as a Draconian Fire Elementalist on June 17, 2015.
             Killed from afar by Crazy Yiuf (13 damage)
             ... with a wand of frost
             ... on level 2 of the Dungeon.
             The game lasted 00:07:27 (1407 turns).

zeke the Firebug (Draconian Fire Elementalist)      Turns: 1407, Time: 00:07:27

Health: -5/26      AC:  6    Str: 11    XL:     3   Next: 87%
Magic:  0/6        EV: 12    Int: 15    God:
Gold:   72         SH:  0    Dex: 11    Spells: 1 memorised, 5 levels left

rFire  . . .     SeeInvis .     g - +1 dagger (venom)
rCold  . . .     Clarity  .     (armour unavailable)
rNeg   . . .     SustAt   +     (no shield)
rPois  .         Gourm    .     (helmet restricted)
rElec  .         Spirit   .     m - +0 cloak
rCorr  .         Warding  .     (no gloves)
rMut   .         Stasis   .     (no boots)
MR     .....                    (no amulet)
Stlth  ++........               (no ring)
                                h - ring of sustain attributes

@: not resistant to hostile enchantments, unstealthy
A: unfitting armour, cold-blooded, AC +5
a: no special abilities


You were on level 2 of the Dungeon.
You were very hungry.

You visited 1 branch of the dungeon, and saw 2 of its levels.

You collected 72 gold pieces.

Inventory:

Hand weapons
 g - a +1 dagger of venom (weapon)
Armour
 m - a +0 cloak (worn)
Jewellery
 h - a ring of sustain attributes (left hand)
 n - an uncursed ring of ice
Scrolls
 c - a scroll of recharging {unknown}
 j - a scroll of fear {unknown}
 l - 2 scrolls of teleportation {unknown}
 o - a scroll of identify {unknown}
Potions
 d - a potion of mutation {unknown}
 e - a potion of agility {unknown}
 k - a potion of cure mutation {unknown}
Books
 a - a book of Flames

   Spells                             Type                      Level
   a - Flame Tongue                   Conjuration/Fire             1
   b - Throw Flame                    Conjuration/Fire             2
   c - Conjure Flame                  Conjuration/Fire             3
   d - Inner Flame                    Hexes/Fire                   3
   e - Sticky Flame                   Conjuration/Fire             4
   f - Fireball                       Conjuration/Fire             5
Comestibles
 b - a bread ration
 f - a meat ration
 p - a beef jerky


   Skills:
 - Level 2.0 Dodging
 - Level 2.0 Stealth
 + Level 2.3 Spellcasting
 + Level 2.0 Conjurations
 + Level 3.8 Fire Magic


You had 5 spell levels left.
You knew the following spells:

 Your Spells              Type           Power        Failure   Level  Hunger
a - Flame Tongue          Conj/Fire      ##...        8%          1    #......


Dungeon Overview and Level Annotations

Branches:
Dungeon (2/15)

Altars:

Annotations:
D:2 Crazy Yiuf


Innate Abilities, Weirdness & Mutations

Your plain brown scales are hard (AC +5).
Your body does not fit into most forms of armour.
You are cold-blooded and may be slowed by cold attacks.


Message History

Crazy Yiuf is severely wounded.
Crazy Yiuf zaps a wand.
The puff of frost hits you!
Casting: Flame Tongue
Confirm with . or Enter, or press ? or * to list all spells.
Aiming: Flame Tongue
Press: ? - help, Shift-Dir - straight line, f/p - Crazy Yiuf
Aim: Crazy Yiuf, wielding a quarterstaff of chaos, wearing a cloak and carrying a wand of frost {zapped: 3} (severely wounded, fast)
The flame tongue hits Crazy Yiuf.
Crazy Yiuf is severely wounded.
Crazy Yiuf zaps a wand.
The puff of frost misses you.
Casting: Flame Tongue
Confirm with . or Enter, or press ? or * to list all spells.
Aiming: Flame Tongue
Press: ? - help, Shift-Dir - straight line, f/p - Crazy Yiuf
Aim: Crazy Yiuf, wielding a quarterstaff of chaos, wearing a cloak and carrying a wand of frost {zapped: 4} (severely wounded, fast)
The flame tongue hits Crazy Yiuf.
Crazy Yiuf appears unharmed.
Crazy Yiuf is severely wounded.
Crazy Yiuf zaps a wand.
The puff of frost hits you!
Ouch! That really hurt!
You die...

...........#).....#
...........#......#
...##..#.###......#
########.# ########
#####.## #......#
♣♣♣♣♣###
####.###.(# ####
♣♣♣.♣..#.## .....#
##.#
#...#♣..♣......##
##..## #.#
#..g@.♣♣♣♣......#
#..####### #)..#♣♣
♣♣.#...# ##........
#### ♣♣##..#
.....##### #.##
........# #.#
........##########
##.#
.................##
#..#
#....#####..#.##(.#
#.## ##..##
#........# #.#


You could see Crazy Yiuf.

Vanquished Creatures
  Robin (D:2)
  2 oozes
  2 giant geckos (D:1)
  12 hobgoblins
  6 bats
  3 giant newts (D:2)
  9 goblins
  A kobold (D:1)
  3 rats
39 creatures vanquished.

Vanquished Creatures (others)
  Sigmund (D:2)
  An adder (D:2)
  2 jackals (D:2)
4 creatures vanquished.

Grand Total: 43 creatures vanquished

Notes
Turn   | Place    | Note
--------------------------------------------------------------
     0 | D:1      | zeke the Draconian Fire Elementalist began the quest for the Orb.
     0 | D:1      | Reached XP level 1. HP: 14/14 MP: 3/3
   190 | D:1      | Reached XP level 2. HP: 20/20 MP: 0/5
   695 | D:2      | Reached XP level 3. HP: 26/26 MP: 3/6
   765 | D:2      | Noticed Robin
   787 | D:2      | Killed Robin
  1138 | D:2      | Killed Sigmund
  1398 | D:2      | Noticed Crazy Yiuf
  1407 | D:2      | Killed from afar by Crazy Yiuf

Vault maps used:
D:1:      lemuel_arrival_hallway
D:2:      lemuel_old_faithful, uniq_robin, uniq_crazy_yiuf_cottage, uniq_sigmund

Action                   || total
-------------------------++-------
Melee: Unarmed           ||     5
       Dagger            ||    28
 Cast: Flame Tongue      ||    63
  Use: Potion            ||     1
  Eat: Chunk             ||     1
